 Dungeon Crawl Stone Soup version 0.28-a0-925-gd5e1996cdb (webtiles) character file.

Game seed: 10123942228870213853

21928 avis the Severer (level 12, -6/118 HPs)
             Began as a Hill Orc Fighter on Nov 25, 2021.
             Was a Priest of Beogh.
             Mangled by a spatial maelstrom (10 damage)
             ... on level 2 of the Abyss on Nov 27, 2021.
             The game lasted 01:24:08 (17559 turns).

avis the Severer (Hill Orc Fighter)                Turns: 17559, Time: 01:24:08

Health: -6/118     AC: 11    Str: 24    XL:     12   Next: 95%
Magic:  12/12      EV:  8    Int:  8    God:    Beogh [***...]
Gold:   325        SH:  0    Dex: 12    Spells: 11/11 levels left

rFire   . . .      SeeInvis .   b - +2 battleaxe (flame)
rCold   x . .      Faith    .   (shield currently unavailable)
rNeg    . . .      Spirit   .   y - +0 chain mail
rPois   +          Reflect  .   (no helmet)
rElec   +          Harm     .   (no cloak)
rCorr   .          Rampage  .   u - +0 pair of gloves
Will    +....                   s - +0 pair of boots
Stlth   ..........              (no amulet)
HPRegen 0.00/turn               N - +4 ring of slaying
MPRegen 0.13/turn               j - ring of Ilaigoph {rElec rPois rC- Will+ Dex+2}

@: inhibited regen
A: [inhibited regeneration]
a: Renounce Religion, Smiting


You were on level 2 of the Abyss.
You worshipped Beogh.
Beogh was most pleased with you.
You visited 3 branches of the dungeon, and saw 14 of its levels.
You visited the Abyss 1 time.

You collected 591 gold pieces.
You spent 266 gold pieces at shops.

Inventory:

Hand Weapons
 a - the +7 whip of Attainder {flame, rElec rN+ Dex+3}
   (You found it on level 5 of the Dungeon)

   It burns those it strikes, dealing additional fire damage.
   Dex:       It affects your dexterity (+3).
   rElec:     It insulates you from electricity.
   rN:        It protects you from negative energy.
 b - a +2 battleaxe of flaming (weapon)
 c - a +3 dire flail
 d - the +1 whip "Metaq" {antimagic, +Blink rPois Str+3 Dex-2}
   (You found it on level 9 of the Dungeon)

   It reduces the magical energy of the wielder, and disrupts the spells and
   magical abilities of those it strikes.
   Natural abilities and divine invocations are not affected.
   Str:       It affects your strength (+3).
   Dex:       It affects your dexterity (-2).
   rPois:     It protects you from poison.
   +Blink:    It lets you blink.
 w - a +2 vorpal flail
 K - a +0 trident
Missiles
 q - 63 poisoned darts
 r - 3 datura-tipped darts (quivered)
 F - 15 arrows
 J - 18 bolts
 L - 6 silver boomerangs
 R - 6 throwing nets
Armour
 s - a +0 pair of boots (worn)
 u - a +0 pair of gloves (worn)
 y - a +0 chain mail (worn)
Magical Staves
 v - a staff of earth
Jewellery
 j - the ring of Ilaigoph (right hand) {rElec rPois rC- Will+ Dex+2}
   (You found it on level 9 of the Dungeon)

   [ring of willpower]

   Dex:       It affects your dexterity (+2).
   rC:        It makes you vulnerable to cold.
   rElec:     It insulates you from electricity.
   rPois:     It protects you from poison.
   Will:      It increases your willpower.
 l - an amulet of guardian spirit
 m - an amulet of guardian spirit
 C - a +4 ring of slaying
 N - a +4 ring of slaying (left hand)
Wands
 o - a wand of digging (7)
 G - a wand of charming (3)
 O - a wand of iceblast (6)
Scrolls
 e - 2 scrolls of brand weapon {unknown}
 f - 4 scrolls of vulnerability {unknown}
 h - 2 scrolls of noise {unknown}
 n - 6 scrolls of teleportation
 p - a scroll of acquirement {unknown}
 t - 5 scrolls of immolation
 x - 2 scrolls of fear {unknown}
 A - 3 scrolls of enchant weapon {unknown}
 B - 2 scrolls of enchant armour {unknown}
 D - a scroll of blinking {unknown}
 I - a scroll of holy word {unknown}
 M - 4 scrolls of fog {unknown}
 W - 4 scrolls of amnesia {unknown}
Potions
 g - a potion of invisibility
 i - 4 potions of curing
 k - a potion of haste
 E - 2 potions of brilliance
 H - a potion of magic
 Q - a potion of cancellation
 S - 2 potions of lignification
 U - a potion of degeneration


   Skills:
 * Level 14.9 Fighting
 - Level 18.7(20.0) Axes
 - Level 10.3(14.3) Maces & Flails
 - Level 3.3 Armour
 - Level 3.3 Shields


You had 11 spell levels left.
You didn't know any spells.
Your spell library contained the following spells:

 Spells                   Type           Power      Damage    Failure   Level
 Freeze                   Ice            0%         1d3       97%         1
 Magic Dart               Conj           0%         1d3       97%         1
 Blink                    Tloc           0%         N/A       99%         2
 Call Imp                 Summ           0%         N/A       99%         2
 Static Discharge         Conj/Air       0%         N/A       99%         2
 Dazzling Flash           Conj/Hex       0%         N/A       100%        3
 Frozen Ramparts          Ice            0%         1d2       100%        3
 Lesser Beckoning         Tloc           0%         N/A       100%        3
 Mephitic Cloud           Conj/Pois/Air  0%         N/A       100%        3
 Ozocubu's Armour         Ice            0%         N/A       100%        3
 Hailstorm                Conj/Ice       0%         3d3       100%        4
 Ice Form                 Ice/Tmut       0%         N/A       100%        4
 Agony                    Necr           0%         N/A       100%        5
 Lightning Bolt           Conj/Air       0%         1d11      100%        5
 Manifold Assault         Tloc           0%         N/A       100%        5
 Metabolic Englaciation   Hex/Ice        0%         N/A       100%        5
 Silence                  Hex/Air        0%         N/A       100%        5
 Simulacrum               Ice/Necr       0%         N/A       100%        6
 Maxwell's Capacitive Co  Air            0%         ∞         100%        8


Dungeon Overview and Level Annotations

Branches:
Dungeon (11/15)            Temple (1/1) D:4            Lair (2/6) D:10
    Orc (0/2) D:11
  Swamp: Lair:2-4    Shoals: Lair:2-4     Snake: Lair:2-4    Spider: Lair:2-4

Altars:
Ashenzari
Cheibriados
Dithmenos
Elyvilon
Fedhas
Gozag
Hepliaklqana
Kikubaaqudgha
Makhleb
Nemelex Xobeh
Okawaru
Qazlal
Ru
Sif Muna
Trog
Uskayaw
Vehumet
Wu Jian
Xom
Yredelemnul
Zin
The Shining One
Beogh

Shops:
D:3 *   D:5 :   D:9 [

Annotations:
D:2 1 runed translucent door, exclusion: door, Crazy Yiuf


Innate Abilities, Weirdness & Mutations

[You do not regenerate when monsters are visible.]


Message History

A spatial vortex comes into view.
You barely miss the flying skull.
The flying skull is severely damaged.
The flying skull hits you.
* * * LOW HITPOINT WARNING * * *
The flying skull hits you.
* * * LOW HITPOINT WARNING * * *
Your chain mail prevents you from hitting the flying skull.
The flying skull is severely damaged.
A spatial vortex comes into view.
The flying skull hits you but does no damage.
You slice the spatial maelstrom!! You burn the spatial maelstrom.
The spatial maelstrom is moderately damaged.
You closely miss the flying skull.
The spatial maelstrom hits you but does no damage.
The spatial maelstrom hits you!
* * * LOW HITPOINT WARNING * * *
A spatial vortex comes into view.
The flying skull barely misses you.
You feel much better. The spatial maelstrom hits you!
* * * LOW HITPOINT WARNING * * *
You blink.
A spatial vortex comes into view. x3
A wretched star comes into view.
The flying skull hits you!
* * * LOW HITPOINT WARNING * * *
The wretched star pulses with an eldritch light!
Your regeneration stops near monsters.
The flying skull hits you but does no damage. 2 spatial vortices come into view.
The flying skull hits you but does no damage.
You barely miss the flying skull.
The flying skull hits you but does no damage.
A spatial vortex comes into view.
You barely miss the flying skull. The flying skull misses you.
A spatial vortex comes into view.
The spatial maelstrom hits you!
* * * LOW HITPOINT WARNING * * *
The spatial maelstrom hits you!
You die...

#v.# #.
.#### ## #.
#..# .
#.##*.###.#
#.vv#....#
#zv.## ##.
##.3.#.....
#
##z.#.v.#.#
.#... ≈
#@v##z##.###
.#. #≈#.##
##..#... §#
.≈# v.#
.##.v## . .
. #≈##
########
.v.. . ..
#.#. ..#. .
.. # #. # .
# . ### . #
. . . #.#..
. .. ....# #
.. .. # . .
. .# # # . .


You could see a spatial maelstrom, a wretched star, a sun demon, 4 spatial
vortices and 2 flying skulls.

Vanquished Creatures
  Harold (D:8)
  3 hydras (Lair:2)
  A boulder beetle (D:8)
  6 two-headed ogres
  2 ugly things
  A manticore (D:10)
  4 black mambas
  A gargoyle (D:7)
  3 cane toads
  A rime drake (Lair:2)
  A demonic crawler (Abyss:2)
  2 komodo dragons
  Prince Ribbit (D:8)
  A shadow (D:11)
  7 wyverns
  A flying skull (Abyss:2)
  A wraith (D:10)
  11 yaks
  A basilisk (Lair:2)
  2 steam dragons
  3 vampire mosquitoes (D:11)
  A large abomination (Abyss:2)
  7 water moccasins
  A sky beast (D:5)
  An orc warrior (D:8)
  2 ice beasts
  2 necrophages (D:4)
  2 black bears (D:10)
  A hornet zombie (D:6)
  2 ogres
  27 wolves
  3 centaurs
  2 phantoms
  2 kobold brigands (D:10)
  Blork the orc (D:5)
  5 bullfrogs
  A scorpion (D:10)
  A water moccasin zombie (D:6)
  2 water moccasin skeletons (D:5)
  8 wights (D:9)
  8 howler monkeys
  3 centaur zombies
  2 centaur skeletons
  2 jellies (D:7)
  2 gnoll shamans
  A bullfrog skeleton (D:7)
  2 orc priests (D:10)
  Ijyb (D:4)
  An iguana (D:5)
  4 orc wizards
  7 hell rats (Lair:1)
  A killer bee zombie (D:9)
  7 gnolls
  5 adders
  A shadow imp (D:6)
  2 white imps (D:7)
  An ufetubus (D:7)
  An adder skeleton (D:4)
  A worm (D:2)
  3 dart slugs
  23 orcs
  6 ball pythons
  5 bats
  11 endoplasms
  A giant cockroach (D:3)
  5 goblins
  5 hobgoblins
  4 jackals (D:4)
  2 quokkas (D:2)
  6 frilled lizards
  8 kobolds
  2 rats
258 creatures vanquished.

Vanquished Creatures (collateral kills)
  A hornet (D:8)
  An orc priest (D:11)
  2 gnolls (D:8)
4 creatures vanquished.

Vanquished Creatures (others)
  2 orcs (D:11)
  21 fungi
  42 plants
65 creatures vanquished.

Grand Total: 327 creatures vanquished

Notes
Turn   | Place    | Note
-------+----------+-------------------------------------------
     0 | D:1      | avis the Hill Orc Fighter began the quest for the Orb.
     0 | D:1      | Reached XP level 1. HP: 19/19 MP: 1/1
   169 | D:1      | Found a faded altar of an unknown god.
   193 | D:1      | Reached XP level 2. HP: 25/27 MP: 2/2
  1037 | D:2      | Reached XP level 3. HP: 28/35 MP: 3/3
  1231 | D:2      | Found a runed translucent door.
  1234 | D:2      | Noticed Crazy Yiuf
  1333 | D:2      | Reached skill level 5 in Fighting
  1565 | D:2      | Noticed a phantom
  1572 | D:2      | Killed a phantom
  1573 | D:2      | Reached XP level 4. HP: 36/45 MP: 4/4
  1592 | D:2      | Reached XP level 5. HP: 13/51 MP: 5/5
  2149 | D:2      | Found a radiant altar of Vehumet.
  2423 | D:3      | Found Nula's Assorted Antiques.
  2515 | D:3      | Found a radiant altar of Vehumet.
  2516 | D:3      | Found a sacrificial altar of Ru.
  3266 | D:4      | Noticed an ogre
  3275 | D:4      | Killed an ogre
  3276 | D:4      | Reached XP level 6. HP: 51/61 MP: 6/6
  3304 | D:4      | Found a staircase to the Ecumenical Temple.
  3315 | Temple   | Entered the Ecumenical Temple
  3631 | D:4      | Noticed a wyvern
  3642 | D:4      | Killed a wyvern
  3653 | D:4      | Noticed a necrophage
  3666 | D:4      | Killed a necrophage
  3667 | D:4      | Reached XP level 7. HP: 26/70 MP: 7/7
  4233 | D:5      | Entered Level 5 of the Dungeon
  4260 | D:5      | Found Vuihid's Book Shop.
  4321 | D:5      | Reached skill level 10 in Fighting
  4482 | D:5      | Noticed Ijyb
  4497 | D:4      | Killed Ijyb
  4757 | D:4      | Reached XP level 8. HP: 53/82 MP: 8/8
  5017 | D:5      | Noticed Blork the orc
  5030 | D:5      | Killed Blork the orc
  5202 | D:5      | Identified the +7 whip of Attainder {flame, rElec rN+
                  | Dex+3}
  5587 | D:6      | Reached skill level 1 in Maces & Flails
  5945 | D:6      | Reached skill level 5 in Maces & Flails
  6052 | D:6      | Became a worshipper of Beogh the Brigand
  6071 | D:6      | Upgraded the game from 0.28-a0-919-g0b5b508569 to
                  | 0.28-a0-925-gd5e1996cdb
  6207 | D:7      | Reached XP level 9. HP: 85/90 MP: 9/9
  6678 | D:7      | Noticed a gargoyle
  6685 | D:7      | Killed a gargoyle
  7377 | D:8      | Noticed a cyan ugly thing
  7386 | D:7      | Killed a cyan ugly thing
  7387 | D:7      | Reached skill level 10 in Maces & Flails
  7551 | D:8      | Reached skill level 3 in Axes
  7612 | D:7      | Reached skill level 4 in Axes
  7612 | D:7      | Reached XP level 10. HP: 91/97 MP: 10/10
  7622 | D:7      | Reached skill level 5 in Axes
  7686 | D:7      | Reached skill level 6 in Axes
  7939 | D:7      | Reached skill level 7 in Axes
  8201 | D:8      | Reached * piety under Beogh
  8269 | D:8      | Noticed Prince Ribbit
  8273 | D:8      | Killed Prince Ribbit
  8274 | D:8      | Reached skill level 8 in Axes
  8459 | D:8      | Noticed a boulder beetle
  8480 | D:8      | Killed a boulder beetle
  8481 | D:8      | Reached skill level 9 in Axes
  8680 | D:8      | Noticed Harold
  8699 | D:8      | Reached skill level 10 in Axes
  8721 | D:8      | Killed Harold
  9023 | D:3      | Bought a glowing battleaxe for 266 gold pieces
  9266 | D:9      | Identified the ring of Ilaigoph {rElec rPois rC- Will+
                  | Dex+2}
  9432 | D:9      | Reached skill level 11 in Axes
  9446 | D:9      | Identified the +1 whip "Metaq" {antimagic, +Blink rPois
                  | Str+3 Dex-2}
  9461 | D:9      | Noticed a two-headed ogre
  9468 | D:9      | Killed a two-headed ogre
  9587 | D:9      | Found Zipputogg's Antique Armour Shoppe.
  9693 | D:9      | Reached skill level 12 in Axes
  9895 | D:9      | Found a glowing golden altar of the Shining One.
  9901 | D:9      | Found a bloodstained altar of Trog.
  9901 | D:9      | Found a shadowy altar of Dithmenos.
 10218 | D:10     | Entered Level 10 of the Dungeon
 10222 | D:10     | Noticed a manticore
 10233 | D:10     | Killed a manticore
 10234 | D:10     | Reached XP level 11. HP: 93/104 MP: 11/11
 10389 | D:10     | Reached ** piety under Beogh
 10390 | D:10     | Reached skill level 13 in Axes
 10599 | D:10     | Noticed a two-headed ogre
 10606 | D:10     | Killed a two-headed ogre
 10793 | D:10     | Noticed a two-headed ogre
 10803 | D:10     | Killed a two-headed ogre
 10804 | D:10     | Reached skill level 14 in Axes
 10917 | D:10     | Found an opulent altar of Gozag.
 11172 | D:10     | Found a staircase to the Lair.
 11266 | D:10     | Found a shimmering blue altar of Sif Muna.
 11271 | D:10     | Reached skill level 15 in Axes
 11306 | D:10     | Found a blossoming altar of Fedhas.
 11307 | D:10     | Found a burning altar of Makhleb.
 11666 | D:10     | Found an ancient bone altar of Kikubaaqudgha.
 11807 | Lair:1   | Entered Level 1 of the Lair of Beasts
 12092 | Lair:1   | Reached skill level 16 in Axes
 13079 | Lair:2   | Noticed a four-headed hydra
 13239 | Lair:2   | Killed a two-headed hydra
 13261 | Lair:2   | Reached skill level 17 in Axes
 13450 | Lair:2   | Reached XP level 12. HP: 107/112 MP: 12/12
 13829 | Lair:2   | Noticed a seven-headed hydra
 13869 | Lair:2   | Reached *** piety under Beogh
 13876 | Lair:2   | Killed a four-headed hydra
 13946 | Lair:2   | Reached skill level 18 in Axes
 15448 | Lair:2   | Noticed a five-headed hydra
 15466 | Lair:2   | Killed a one-headed hydra
 16553 | D:11     | Noticed a two-headed ogre
 16562 | D:11     | Killed a two-headed ogre
 17202 | D:11     | Noticed a two-headed ogre
 17202 | D:11     | Noticed a two-headed ogre
 17217 | D:11     | Killed a two-headed ogre
 17225 | D:11     | Killed a two-headed ogre
 17432 | D:11     | Found a staircase to the Orcish Mines.
 17449 | D:11     | Found a roughly hewn altar of Beogh.
 17454 | D:11     | Cast into level 2 of the Abyss (orc warrior)
 17488 | Abyss:2  | HP: 3/118 [demonic crawler (3)]
 17512 | Abyss:2  | Noticed a sun demon
 17512 | Abyss:2  | Noticed a balrug
 17554 | Abyss:2  | Noticed a wretched star
 17559 | Abyss:2  | HP: 4/118 [spatial maelstrom (7)]
 17559 | Abyss:2  | Mangled by a spatial maelstrom

Illustrated notes

Levels and vault maps discovered:
D:1:      erik_arrival_triangle_medium, layout_basic,
          ebering_ecumenical_altar_box, minmay_pentomino_o4
D:2:      layout_loops_corners, kennysheep_flooded_box, minmay_liquid_box,
          corexii_leaking_fountain, uniq_crazy_yiuf_cottage
D:3:      layout_basic, nicolae_overflow_squiral, serial_shops,
          nicolae_shop_hallway_stairs
D:4:      layout_cave_pools, minmay_temple_entry_statues_fountains,
          chequers_serial_rivers_micro_d
D:5:      layout_rooms, serial_shops, shop_fountains, uniq_ijyb,
          uniq_blork_the_orc
D:6:      layout_rooms, minmay_misc_feat_diagonals
D:7:      layout_basic
D:8:      layout_cave_pods, st_stairs_9, uniq_prince_ribbit1, uniq_harold
D:9:      layout_irregular_city, gammafunk_temple_overflow_forgotten,
          serial_shops, nicolae_lakefront_shop, small_statue_intersection
D:10:     layout_basic, minitemple, minmay_lair_entry_grove,
          hangedman_feature_mirror
D:11:     layout_irregular_city, minmay_orc_entry_temple_small
Temple:   eino_temple_water
Lair:1:   layout_regular_city, grunt_megastairs_3
Lair:2:   layout_long_grid, grunt_forest_large_clearings
Abyss:2:  base: D:11, hangedman_decor_points, hangedman_steaming_rock

Skill      XL: |  1  2  3  4  5  6  7  8  9 10 11 12 |
---------------+-------------------------------------+-----
Fighting       | 4 6 7 9 11 12 14 | 14.9
Maces & Flails | 5 10 | 10.3
Axes           | 4 12 17 18 | 18.7
Armour         | |  3.3
Shields        | |  3.3

Action                   |  1- 3 |  4- 6 |  7- 9 | 10-12 || total
-------------------------+-------+-------+-------+-------++-------
Melee: War axe           |    76 |    77 |   107 |       ||   260
       Whip              |       |       |   121 |   474 ||   595
       Battleaxe         |       |       |       |    71 ||    71
 Fire: Hunting sling     |       |    46 |     5 |       ||    51
Throw: Javelin           |     3 |     3 |       |       ||     6
       Dart              |       |    12 |    12 |    22 ||    46
       Throwing net      |       |       |       |     1 ||     1
Invok: Convert to Beogh  |       |       |     1 |       ||     1
Evoke: Wand              |       |       |       |     5 ||     5
  Use: Scroll            |       |       |     6 |     6 ||    12
       Potion            |       |       |     2 |     4 ||     6
 Stab: Distracted        |       |       |     1 |       ||     1
       Held in net/web   |       |       |       |     2 ||     2
Armor: Scale mail        |    29 |    38 |    99 |       ||   166
       Chain mail        |       |       |    47 |   175 ||   222
Dodge: Dodged            |    26 |    36 |   110 |   144 ||   316
Block: Buckler           |    20 |    18 |    53 |     7 ||    98

Table legend: (Time is in decaauts)
 A = Elapsed time spent in this place.
 B = Non-inter-level travel time spent in this place.
 C = Inter-level travel time spent in this place.
 D = Time resting spent in this place.
 E = Time spent auto-exploring this place.
 F = Levels seen in this place.
 G = Mean time per level.
                   A        B        C        D        E       F      G
               +--------+--------+--------+--------+--------+-----+--------+
         Total |  17405 |  15290 |   2115 |   4536 |   7268 |  15 | 1160.3 |
       Dungeon |  13156 |  11278 |   1878 |   2870 |   5583 |  11 | 1196.0 |
        Temple |    258 |    242 |     16 |      0 |    176 |   1 |  258.0 |
          Lair |   3894 |   3674 |    220 |   1666 |   1509 |   2 | 1947.0 |
         Abyss |     95 |     95 |      0 |      0 |      0 |   1 |   95.0 |
               +--------+--------+--------+--------+--------+-----+--------+

Top non-repeatable levels by time:
  Lair:2: 2629 daAuts
    D:10: 1703 daAuts
     D:7: 1586 daAuts
     D:4: 1568 daAuts
     D:8: 1390 daAuts
     D:2: 1390 daAuts
  Lair:1: 1265 daAuts
    D:11: 1194 daAuts
     D:1: 1008 daAuts
     D:3: 932 daAuts
     D:9: 848 daAuts
     D:6: 774 daAuts
     D:5: 759 daAuts
  Temple: 258 daAuts
 Abyss:2: 95 daAuts
